 Dungeon Crawl Stone Soup version 0.31-a0-4-gefa6de2278 (webtiles) character file.

Game seed: 18290809560645240683

5152 sircluck the Cleaver (level 10, -6/89 HPs)
             Began as a Minotaur Fighter on May 4, 2023.
             Was a Priest of Nemelex Xobeh.
             Mangled by a troll (10 damage)
             ... on level 9 of the Dungeon.
             The game lasted 00:09:56 (7680 turns).

sircluck the Cleaver (Minotaur Fighter)             Turns: 7680, Time: 00:09:57

Health: -6/89      AC: 17    Str: 25    XL:     10   Next: 33%
Magic:  9/9        EV:  8    Int:  5    God:    Nemelex Xobeh [***...]
Gold:   347        SH:  6    Dex: 16    Spells: 9/9 levels left

rFire   + . .        a - +0 war axe
rCold   + . .        c - +0 buckler
rNeg    . . .        p - +0 plate armour
rPois   .            (helmet restricted)
rElec   .            x - scarf {rC+ rF+}
rCorr   .            (no gloves)
SInv    .            F - +2 pair of boots
Will    .....        (no amulet) Stlth
                     m - +6 ring of dexterity
HPRegen 0.34/turn    w - ring of flight
MPRegen 0.11/turn

%: no passive effects
@: flying
A: horns 2, retaliatory headbutt
a: Renounce Religion, Draw Escape, Draw Destruction, Draw Summoning, Triple Draw


You were on level 9 of the Dungeon.
You worshipped Nemelex Xobeh.
Nemelex Xobeh was most pleased with you.
You visited 1 branch of the dungeon, and saw 9 of its levels.
You also visited: Ossuary.

You collected 347 gold pieces.

Inventory:

Hand Weapons
 a - a +0 war axe (weapon)
Missiles
 y - 4 silver boomerangs (quivered)
 H - 3 throwing nets
Armour
 b - a +0 scale mail
 c - a +0 buckler (worn)
 p - a +0 plate armour (worn)
 x - a scarf of resistance (worn)
 F - a +2 pair of boots (worn)
Jewellery
 j - a ring of resist corrosion
 m - a +6 ring of dexterity (left hand)
 w - a ring of flight (right hand)
 K - a ring of protection from fire
 M - a +6 ring of dexterity
Wands
 A - a wand of iceblast (18)
 E - a wand of mindburst (9)
 N - a wand of flame (35)
 O - a wand of paralysis (17)
 Q - a wand of quicksilver (6)
Scrolls
 f - 3 scrolls of vulnerability {unknown}
 g - 2 scrolls of teleportation {unknown}
 k - 5 scrolls of identify {unknown}
 o - 2 scrolls of immolation {unknown}
 q - a scroll of magic mapping {unknown}
 u - 5 scrolls of fog {unknown}
 B - 2 scrolls of summoning {unknown}
 C - 2 scrolls of poison {unknown}
 D - a scroll of blinking {unknown}
 I - a scroll of amnesia {unknown}
 J - 2 scrolls of fear {unknown}
 L - 2 scrolls of enchant armour {unknown}
 P - a scroll of brand weapon {unknown}
Potions
 d - a potion of might
 e - 2 potions of mutation {unknown}
 h - 4 potions of heal wounds {unknown}
 i - 3 potions of brilliance {unknown}
 l - 7 potions of curing {unknown}
 n - 5 potions of flight {unknown}
 r - 2 potions of lignification {unknown}
 s - a potion of degeneration {unknown}
 t - 2 potions of attraction {unknown}
 v - a potion of ambrosia {unknown}
 z - 2 potions of magic {unknown}
 G - 3 potions of haste {unknown}


   Skills:
 + Level 8.3 Fighting
 + Level 13.3 Axes
 + Level 8.2 Armour
 + Level 2.7 Dodging
 + Level 1.0 Stealth
 + Level 7.2 Shields


You had 9 spell levels left.
You didn't know any spells.
Your spell library contained the following spells:

 Spells                   Type           Power      Damage    Failure   Level
 Foxfire                  Conj/Fire      0%         2x1d4     100%        1
 Freeze                   Ice            0%         1d3       100%        1
 Kiss of Death            Conj/Necr      0%         2d5       100%        1
 Magic Dart               Conj           0%         1d3       100%        1
 Call Imp                 Summ           0%         N/A       100%        2
 Ensorcelled Hibernation  Hex/Ice        0%         N/A       100%        2
 Passwall                 Tmut/Erth      0%         N/A       100%        2
 Sublimation of Blood     Necr           0%         N/A       100%        2
 Wereblood                Tmut           0%         N/A       100%        2
 Confusing Touch          Hex            0%         N/A       100%        3
 Frozen Ramparts          Ice            0%         1d1       100%        3
 Hailstorm                Conj/Ice       0%         3d3       100%        3
 Inner Flame              Hex/Fire       0%         N/A       100%        3
 Mephitic Cloud           Conj/Pois/Air  0%         N/A       100%        3
 Stone Arrow              Conj/Erth      0%         3d7       100%        3
 Swiftness                Air            0%         N/A       100%        3
 Vhi's Electric Charge    Tloc/Air       0%         N/A       100%        3
 Animate Armour           Summ/Erth      0%         N/A       100%        4
 Dispel Undead            Necr           0%         3d6       100%        4
 Ice Form                 Ice/Tmut       0%         N/A       100%        4
 Summon Ice Beast         Ice/Summ       0%         N/A       100%        4
 Arcjolt                  Conj/Air       0%         1d10      100%        5
 Fireball                 Conj/Fire      0%         3d3       100%        5
 Yara's Violent Unravell  Hex/Tmut       0%         3d3       100%        5
 Plasma Beam              Fire/Air       0%         2x1d11    100%        6
 Starburst                Conj/Fire      0%         6d3       100%        6
 Enfeeble                 Hex            0%         N/A       100%        7
 Summon Hydra             Summ           0%         N/A       100%        7
 Lehudib's Crystal Spear  Conj/Erth      0%         10d2      100%        8


Dungeon Overview and Level Annotations

Branches:
Dungeon (9/15)             Temple (0/1) D:4            Lair (0/5) D:8
Ossuary (visited)
    Orc: D:9-12

Altars:
Dithmenos
Elyvilon
Nemelex Xobeh
Qazlal
Vehumet
Yredelemnul


Innate Abilities, Weirdness & Mutations

You have a pair of horns on your head.
You reflexively headbutt those who attack you in melee.


Message History

You slash the two-headed ogre!
You kill the two-headed ogre!
The centaur shoots an arrow.
You block the arrow.
The centaur unwields a +0 shortbow.
You block the centaur's attack. The centaur misses you.
The centaur completely misses you. The centaur barely misses you.
You hit the centaur but do no damage. You hit the troll but do no damage.
The centaur barely misses you. You furiously retaliate!
You headbutt the centaur!
The centaur kicks you but does no damage.
The troll bites you!
* * * LOW HITPOINT WARNING * * *
The troll barely misses you. The troll claws you but does no damage.
The troll attacks as you move away! The troll bites you but does no damage.
The troll barely misses you. The troll claws you but does no damage.
The centaur wields a +0 shortbow.
The centaur shoots an arrow.
The arrow hits you but does no damage. The troll attacks as you move away!
The troll completely misses you. You block the troll's attack.
The troll claws you but does no damage.
There is an open door here.
The centaur attacks as you move away!
The centaur unwields a +0 shortbow.
The centaur hits you but does no damage.
The centaur closely misses you.
The centaur wields a +0 shortbow.
The centaur shoots an arrow.
The arrow closely misses you.
You barely miss the troll. Your headbutt misses the troll.
The troll completely misses you. You furiously retaliate!
You headbutt the troll! The troll claws you but does no damage.
The troll claws you.
* * * LOW HITPOINT WARNING * * *
Aiming: Quicksilver Bolt
Press: ? - help, Q - select action, (/) - cycle Shift-Dir - straight line, f - centaur
Aim: a centaur, wielding a +0 shortbow and quivering poisoned darts (heavily wounded, 83% to hit)
The bolt of dispelling energy hits the troll!
The troll is severely wounded.
The bolt of dispelling energy hits the centaur!
The centaur is almost dead.
The troll barely misses you. You furiously retaliate!
You headbutt the troll. The troll claws you!
You die...
Your body glows with a rainbow of weird colours and disappears.

#.#........#
#.##########
#.# #.# #.#
#.# #.# #
#.# #.#@#
#####.#T##
#.....)c.#
#........#
#........#
#........#
#........#
#........#
#.......$#


You could see a troll and a centaur.

Vanquished Creatures
  A two-headed ogre (D:9)
  A hornet (D:7)
  A steam dragon (D:6)
  A water moccasin (D:6)
  Duvessa (D:7)
  3 orc warriors
  A sky beast (D:7)
  2 ogres
  2 centaurs
  A phantom (D:5)
  2 kobold brigands (D:8)
  2 bullfrogs
  17 scorpions
  Dowan (D:7)
  10 killer bees (D:8)
  An electric eel (D:7)
  3 howler monkeys
  4 centaur zombies (Ossuary)
  4 hounds
  2 human zombies (Ossuary)
  A jelly (D:4)
  5 orc priests
  2 sleepcaps
  3 gnoll boudas
  Terence (D:2)
  4 scorpion zombies (Ossuary)
  2 iguanas
  6 orc wizards
  4 mummies
  23 gnolls
  6 adders
  2 shadow imps
  A white imp (D:8)
  An ufetubus (D:5)
  A worm (D:3)
  2 dart slugs
  31 orcs
  4 bats
  5 endoplasms
  3 giant cockroaches (D:4)
  3 gnoll zombies (Ossuary)
  5 goblins
  7 hobgoblins
  2 jackals (D:2)
  A quokka (D:4)
  5 ball pythons
  2 frilled lizards (D:3)
  3 goblin zombies
  2 hobgoblin zombies (Ossuary)
  16 kobolds
  A kobold zombie (D:5)
  An orc zombie (Ossuary)
  2 rats
217 creatures vanquished.

Vanquished Creatures (others)
  15 plants (D:7)
15 creatures vanquished.

Grand Total: 232 creatures vanquished

Notes
Turn   | Place    | Note
-------+----------+-------------------------------------------
     0 | D:1      | sircluck the Minotaur Fighter began the quest for the Orb.
     0 | D:1      | Reached XP level 1. HP: 19/19 MP: 0/0
   176 | D:1      | Found a faded altar of an unknown god.
   298 | D:1      | Reached XP level 2. HP: 27/27 MP: 1/1
   827 | D:2      | Reached skill level 3 in Axes
   909 | D:2      | Reached XP level 3. HP: 33/33 MP: 2/2
   953 | D:2      | Reached skill level 1 in Dodging
  1168 | D:2      | Noticed Terence
  1175 | D:2      | Killed Terence
  1176 | D:2      | Reached XP level 4. HP: 40/40 MP: 3/3
  1416 | D:3      | Noticed an ogre
  1423 | D:3      | Killed an ogre
  1424 | D:3      | Reached skill level 4 in Axes
  1424 | D:3      | Reached XP level 5. HP: 20/46 MP: 4/4
  1924 | D:3      | Found a stormy altar of Qazlal.
  1927 | D:3      | Found a white marble altar of Elyvilon.
  1930 | D:3      | Found a sparkling altar of Nemelex Xobeh.
  1933 | D:3      | Found a basalt altar of Yredelemnul.
  2111 | D:3      | Became a worshipper of Nemelex Xobeh the Trickster
  2239 | D:4      | Reached skill level 5 in Axes
  2274 | D:4      | Found a staircase to the Ecumenical Temple.
  2280 | D:4      | Reached skill level 5 in Armour
  2280 | D:4      | Reached XP level 6. HP: 40/53 MP: 5/5
  2587 | D:4      | Noticed an orc warrior
  2592 | D:4      | Killed an orc warrior
  2593 | D:4      | Reached skill level 6 in Axes
  2791 | D:4      | Reached XP level 7. HP: 26/60 MP: 6/6
  3017 | D:5      | Entered Level 5 of the Dungeon
  3030 | D:5      | Reached skill level 7 in Axes
  3144 | D:5      | Reached skill level 5 in Fighting
  3230 | D:5      | Reached skill level 8 in Axes
  3279 | D:5      | Found a radiant altar of Vehumet.
  3290 | D:5      | Reached XP level 8. HP: 69/69 MP: 7/7
  3394 | D:5      | Found a sand-covered staircase.
  3408 | Ossuary  | Entered an ossuary
  3462 | Ossuary  | Reached skill level 9 in Axes
  3488 | Ossuary  | Reached skill level 5 in Shields
  3764 | Ossuary  | Reached skill level 10 in Axes
  3885 | Ossuary  | Reached XP level 9. HP: 76/79 MP: 8/8
  3894 | Ossuary  | Reached * piety under Nemelex Xobeh
  4574 | D:6      | Received a gift from Nemelex Xobeh
  4625 | D:6      | Reached skill level 11 in Axes
  5222 | D:7      | Reached skill level 1 in Stealth
  5361 | D:7      | Reached skill level 12 in Axes
  5452 | D:7      | Reached ** piety under Nemelex Xobeh
  5543 | D:7      | Noticed Dowan
  5548 | D:7      | Killed Dowan
  5548 | D:7      | Noticed Duvessa
  5558 | D:7      | Killed Duvessa
  6714 | D:8      | Found a staircase to the Lair.
  6735 | D:8      | Reached XP level 10. HP: 82/88 MP: 9/9
  6941 | D:8      | Found a shadowy altar of Dithmenos.
  7210 | D:8      | Reached *** piety under Nemelex Xobeh
  7314 | D:8      | Reached skill level 13 in Axes
  7442 | D:8      | Received a gift from Nemelex Xobeh
  7665 | D:9      | Noticed a two-headed ogre
  7673 | D:9      | Killed a two-headed ogre
  7679 | D:9      | HP: 4/89 [troll (5)]
  7680 | D:9      | Mangled by a troll

Illustrated notes

Levels and vault maps discovered:
D:1:      lightli_iron_boxes, layout_basic,
          hellmonk_ecumenical_altar_heavens_door
D:2:      layout_basic, roderic_serpentine_path, uniq_terence
D:3:      layout_basic, grunt_temple_overflow_cloverleaf, minmay_misc_feat_doors
D:4:      layout_loops_cross, minmay_temple_entry_purple_smoke
D:5:      layout_loops_ring, nicolae_vehumet_radiance,
          nicolae_ossuary_entry_giza
D:6:      layout_basic
D:7:      layout_loops_ring, serial_bayou, serial_bayou_pond_c,
          serial_bayou_pond_d, serial_bayou_shore_a, serial_bayou_pond_e,
          uniq_duvessa
D:8:      layout_loops_corners, grunt_dithmenos_smoke_and_mirrors,
          lair_entry_dummy
D:9:      layout_basic, nicolae_ru_the_path_less_chosen, amcnicky_altar_gilded,
          zin_angel, orc_0_dummy

Skill      XL: |  1  2  3  4  5  6  7  8  9 10 |
---------------+-------------------------------+-----
Armour         | 4 5 6 7 8 |  8.2
Axes           | 3 4 5 6 8 10 12 13 | 13.3
Dodging        | 1 2 |  2.7
Fighting       | 4 5 7 8 |  8.3
Shields        | 4 5 6 7 |  7.2
Stealth        | 1 |  1.0

Action                     |  1- 3 |  4- 6 |  7- 9 | 10-12 || total
---------------------------+-------+-------+-------+-------++-------
  Melee: War axe           |    62 |    76 |   338 |    66 ||   542
         Headbutt          |     7 |     9 |    77 |    20 ||   113
  Evoke: Wand              |       |       |       |     1 ||     1
 Armour: Scale mail        |    36 |       |       |       ||    36
         Plate armour      |     7 |    40 |   200 |    55 ||   302
  Dodge: Dodged            |    23 |    27 |   122 |    29 ||   201
  Block: Buckler           |    12 |    22 |    88 |    25 ||   147

Table legend: (Time is in decaauts)
 A = Elapsed time spent in this place.
 B = Non-inter-level travel time spent in this place.
 C = Inter-level travel time spent in this place.
 D = Time resting spent in this place.
 E = Time spent auto-exploring this place.
 F = Levels seen in this place.
 G = Mean time per level.
                   A        B        C        D        E       F      G
               +--------+--------+--------+--------+--------+-----+--------+
         Total |   7725 |   7217 |    508 |    335 |   5322 |  10 |  772.5 |
       Dungeon |   7160 |   6652 |    508 |    335 |   4943 |   9 |  795.6 |
       Ossuary |    564 |    564 |      0 |      0 |    379 |   1 |  564.0 |
               +--------+--------+--------+--------+--------+-----+--------+

Top non-repeatable levels by time:
     D:7: 1306 daAuts
     D:3: 947 daAuts
     D:8: 916 daAuts
     D:4: 847 daAuts
     D:5: 844 daAuts
     D:6: 844 daAuts
     D:2: 717 daAuts
     D:1: 602 daAuts
 Ossuary: 564 daAuts
     D:9: 132 daAuts
